 Dungeon Crawl Stone Soup version 0.14-a0-1097-gc7db7fc (webtiles) character file.

284 4tharraofdagon the Chopper (level 5, -6/48 HPs)
             Began as a Deep Dwarf Gladiator on Nov 27, 2013.
             Killed by divine providence
             ... invoked by an orc priest
              (12 damage)
             ... on Level 6 of the Dungeon.
             The game lasted 00:03:49 (561 turns).

4tharraofdagon the Chopper (Deep Dwarf Gladiator)    Turns: 561, Time: 00:03:49

HP  -6/48        AC 12     Str 20      XL: 5   Next: 56%
MP   6/6         EV 10     Int  8      God:
Gold 74          SH  0     Dex 18      Spells:  0 memorised,  4 levels left

rFire  . . .     SeeInvis .     a - +0 dwarf hand axe
rCold  . . .     Clarity  .     n - +0 orc plate armour
rNeg   . . .     Conserve .     (no shield)
rPois  .         rCorr    .     c - +0 dwarf helmet
rElec  .         rRot     .     (no cloak)
SustAb . .       Spirit   .     (no gloves)
rMut   .         Warding  .     (no boots)
Saprov . . .     Stasis   .     o - amulet of rage
                                (no ring)
                                i - ring of protection from magic {unknown}

@: non-regenerating, agile, mildly poisoned, quite resistant to hostile
enchantments, extremely unstealthy
A: damage resistance, recharge devices, sense surroundings 1, slow healing 3
a: Device Recharging, Evoke Berserk Rage


You were on level 6 of the Dungeon.
You were not hungry.

You visited 1 branch of the dungeon, and saw 6 of its levels.

You collected 74 gold pieces.

Inventory:

Hand weapons
 a - a +0,+0 dwarven hand axe (weapon)
Missiles
 d - 3 throwing nets (quivered)
Armour
 b - a +0 leather armour
 c - a +0 dwarven helmet (worn)
 k - a +0 chain mail
 n - a +0 orcish plate armour (worn)
Magical devices
 e - a wand of heal wounds (3)
 g - a wand of slowing (11)
 l - a wand of cold (3)
Comestibles
 f - a bread ration
Scrolls
 h - a scroll of remove curse {unknown}
 j - a scroll of blinking {unknown}
Jewellery
 i - a ring of protection from magic (left hand) {unknown}
 o - an amulet of rage (around neck)


   Skills:
 + Level 2.4 Fighting
 * Level 5.3 Axes
 - Level 1.7 Throwing
 + Level 2.5 Armour
 - Level 3.2 Dodging
 + Level 3.1 Evocations


You had 4 spell levels left.
You didn't know any spells.

Dungeon Overview and Level Annotations

Branches:
Dungeon (6/16)
 Temple: D:4-7

Altars:
Ashenzari
Okawaru
Vehumet
Xom
Yredelemnul

Shops:
D:4 }


Innate Abilities, Weirdness & Mutations

You are resistant to damage.
You can recharge devices by infusing magical energy.
You passively map a small area around you.
You do not heal naturally.


Message History

The giant cockroach bites you but does no damage.
A hound comes into view.
The hound barks!
The hound bites you.
A giant frog comes into view.
The giant frog croaks.
The hound bites you.
Unknown command.
The orc priest mumbles some strange prayers to Beogh.
You feel troubled. The hound barely misses you.
The orc priest prays to Beogh.
You feel troubled.
The orc priest invokes the aid of Beogh against you.
Something smites you!
* * * LOW HITPOINT WARNING * * *
The hound bites you.
* * * LOW HITPOINT WARNING * * *
The orc priest calls down the wrath of Beogh upon you.
Something smites you!
You die...

#....#.o.#
#....#.o.# # .# *
#..o.#...#.#..# *
#..o..........# ,
,#..#.##....##.#,
#....so.......# #
##o#....##.####
###.##.F..........
#....@hg..........#
#################.
, , * * * , ,, , *


You could see a giant frog, a hound, 2 orc priests, 2 orcs, a giant cockroach
and a hobgoblin.

Vanquished Creatures
  An ogre (D:5)
  A worker ant (D:4)
  An orc priest (D:4)
  Jessica (D:3)
  3 adders
  6 orcs
  3 bats
  A goblin (D:3)
  2 hobgoblins
  2 kobolds (D:3)
  A quokka (D:2)
  A ball python (D:3)
  4 rats
27 creatures vanquished.

Notes
Turn   | Place    | Note
--------------------------------------------------------------
     0 | D:1      | 4tharraofdagon, the Deep Dwarf Gladiator, began the quest for the Orb.
     0 | D:1      | Reached XP level 1. HP: 20/20 MP: 0/0
    62 | D:2      | Found an iron altar of Okawaru.
    65 | D:2      | Found a shimmering altar of Xom.
    68 | D:2      | Found a shattered altar of Ashenzari.
    71 | D:2      | Found a radiant altar of Vehumet.
   124 | D:3      | Reached XP level 2. HP: 24/27 MP: 1/1
   239 | D:3      | Noticed Jessica
   253 | D:3      | Killed Jessica
   253 | D:3      | Reached skill level 4 in Axes
   253 | D:3      | Reached skill level 1 in Armour
   253 | D:3      | Reached skill level 1 in Evocations
   253 | D:3      | Reached XP level 3. HP: 22/33 MP: 2/2
   359 | D:4      | Reached XP level 4. HP: 25/42 MP: 2/4
   375 | D:4      | Found Thiotiad's Gadget Boutique.
   426 | D:4      | Noticed a phantom
   459 | D:5      | Entered Level 5 of the Dungeon
   504 | D:5      | Noticed an ogre
   514 | D:5      | Killed an ogre
   514 | D:5      | Reached skill level 5 in Axes
   514 | D:5      | Reached XP level 5. HP: 8/48 MP: 4/6
   529 | D:5      | Noticed an ice beast
   546 | D:6      | Found a basalt altar of Yredelemnul.
   561 | D:6      | Killed from afar by an orc priest

Action                   |  1- 3 |  4- 6 || total
-------------------------+-------+-------++-------
Melee: Hand axe          |    58 |    23 ||    81
Evoke: Wand              |     2 |     5 ||     7
  Use: Potion            |       |     2 ||     2
